 Dungeon Crawl Stone Soup version 0.25-a0-317-g5f8687bca5 (webtiles) character file.

Game seed: 5016645546844575334, levelgen mode: deterministic

534 DerDa the Magician (level 7, 0/41 HPs)
             Began as an Octopode Fire Elementalist on Dec 27, 2019.
             Killed by nerve-wracking pain
             ... invoked by an orc priest
              (2 damage)
             ... on level 4 of the Dungeon.
             The game lasted 00:14:40 (3462 turns).

DerDa the Magician (Octopode Fire Elementalist)     Turns: 3462, Time: 00:14:40

Health: 0/41       AC:  1    Str:  7    XL:     7   Next: 25%
Magic:  17/23      EV: 19    Int: 20    God:
Gold:   221        SH:  0    Dex: 17    Spells: 3/16 levels left

rFire    . . .     SeeInvis .   a - +1 short sword (elec)
rCold    . . .     Gourm    .   (no shield)
rNeg     . . .     Faith    +   (helmet restricted)
rPois    .         Spirit   .   k - amulet of faith
rElec    .         Reflect  .   u - ring of magical power (curse)
rCorr    .         Harm     .   (no ring)
MR       .....                  (no ring)
Stlth    ++++......             (no ring)
HPRegen  0.13/turn              (no ring)
MPRegen  0.18/turn              (no ring)
                                (no ring)
                                (no ring)

@: agile, lethally poisoned (0 -> -5)
A: almost no armour, stealthy swim, amphibious, 8 rings, constrict 8, camouflage
1, gelatinous body 1
a: no special abilities


You were on level 4 of the Dungeon.
You were hungry.

You visited 1 branch of the dungeon, and saw 4 of its levels.

You collected 221 gold pieces.

Inventory:

Hand Weapons
 a - a +1 short sword of electrocution (weapon)
 f - a +0 whip
 o - a +0 hunting sling
Missiles
 d - 7 curare-tipped darts (quivered)
 y - 16 sling bullets
Jewellery
 i - a +2 amulet of reflection
 k - an amulet of faith (around mantle)
 u - a cursed ring of magical power (left tentacle)
Scrolls
 c - 2 scrolls of enchant armour {unknown}
 e - 8 scrolls of identify {unknown}
 g - a scroll of remove curse {unknown}
 l - a scroll of blinking {unknown}
 r - 2 scrolls of enchant weapon {unknown}
 s - 4 scrolls of teleportation {unknown}
 x - 4 scrolls of fog {unknown}
 B - a scroll of magic mapping {unknown}
Potions
 h - a potion of lignification
 j - 2 potions of invisibility
 n - a potion of cancellation
 p - 2 potions of haste
 q - a potion of magic {unknown}
 t - a potion of agility
 w - a potion of mutation {unknown}
 z - a potion of brilliance {unknown}
 A - a potion of degeneration {unknown}
Comestibles
 b - 8 rations


   Skills:
 - Level 2.0 Dodging
 - Level 2.6 Stealth
 * Level 5.2 Spellcasting
 + Level 3.6 Conjurations
 + Level 4.7 Fire Magic


You had 3 spell levels left.
You knew the following spells:

 Your Spells              Type           Power        Failure   Level  Hunger
a - Foxfire               Conj/Fire      ###.         1%          1    None
b - Conjure Flame         Conj/Fire      ###.....     6%          3    ##.....
c - Sticky Flame          Conj/Fire      ###.....     21%         4    ####...
d - Fireball              Conj/Fire      ###.......   50%         5    #####..

Your spell library contained the following spells:

 Spells                   Type           Power        Failure   Level  Hunger
 Inner Flame              Hex/Fire       ##......     13%         3    ##.....


Dungeon Overview and Level Annotations

Branches:
Dungeon (4/15)
 Temple: D:4-7

Altars:
Trog
Vehumet
The Shining One


Innate Abilities, Weirdness & Mutations

You cannot wear most types of armour.
You are very stealthy in the water. (Stealth+)
You are amphibious.
You can wear up to eight rings at the same time.
You can use your tentacles to constrict eight enemies at once.
Your skin changes colour to match your surroundings (Stealth+).
Your rubbery body absorbs attacks. (AC +1, EV +1)


Message History

The killer bee stings you.
You are more poisoned.
The killer bee poisons you!
You feel sick.
The killer bee burns!
You kill the killer bee!
You feel sick.
You feel sick.
You feel sick.
The orc priest invokes the aid of Beogh against you.
Beogh smites you!
* * * LOW HITPOINT WARNING * * *
It was a potion of cancellation.
You feel magically purged.
* * * LOW HITPOINT WARNING * * *
You feel sick.
Okay, then.
It was a potion of agility.
You feel agile all of a sudden.
The orc priest invokes the aid of Beogh against you.
Pain shoots through your body!
You die...

#...####... ##.##
#.... ##.## ##... .
##.## ###. . ##.##
## .# ##.## # ..
##.## .. ####.##
..## ###.@..# ..?##
###......# ..oo####
##.......##
...#...###†o......#
...####..........##
...# ##........##
..## ##.......## ..
#......### .#
#....#.#


You could see an orc priest.

Vanquished Creatures
  A scorpion (D:4)
  5 killer bees (D:4)
  A hound (D:4)
  A bullfrog skeleton (D:4)
  Jessica (D:2)
  3 gnolls (D:4)
  6 adders
  3 oozes
  A worm (D:2)
  A dart slug (D:4)
  A leopard gecko (D:2)
  4 orcs
  10 bats
  5 giant cockroaches
  8 goblins
  5 hobgoblins
  4 jackals (D:2)
  A quokka (D:3)
  A ball python (D:2)
  5 frilled lizards
  A jackal skeleton (D:4)
  6 kobolds
  11 rats
85 creatures vanquished.

Vanquished Creatures (others)
  173 foxfires
173 creatures vanquished.

Grand Total: 258 creatures vanquished

Notes
Turn   | Place    | Note
-------+----------+-------------------------------------------
     0 | D:1      | DerDa the Octopode Fire Elementalist began the quest for
                  | the Orb.
     0 | D:1      | Reached XP level 1. HP: 11/11 MP: 3/3
   219 | D:1      | Reached XP level 2. HP: 16/17 MP: 5/5
   790 | D:2      | Reached XP level 3. HP: 17/21 MP: 2/7
   828 | D:2      | Noticed Jessica
   836 | D:2      | Killed Jessica
   836 | D:2      | Reached skill level 3 in Spellcasting
   836 | D:2      | Reached XP level 4. HP: 26/27 MP: 1/8
  1622 | D:3      | Learned a level 3 spell: Conjure Flame
  1627 | D:3      | Learned a level 4 spell: Sticky Flame
  1712 | D:3      | Reached XP level 5. HP: 30/31 MP: 4/10
  2154 | D:4      | Reached skill level 4 in Spellcasting
  2154 | D:4      | Reached XP level 6. HP: 6/36 MP: 1/12
  2908 | D:4      | Found a glowing golden altar of the Shining One.
  3094 | D:4      | Found a bloodstained altar of Trog.
  3094 | D:4      | Found a radiant altar of Vehumet.
  3254 | D:4      | Reached XP level 7. HP: 31/41 MP: 14/14
  3431 | D:4      | Reached skill level 5 in Spellcasting
  3438 | D:4      | Learned a level 5 spell: Fireball
  3461 | D:4      | HP: 2/41 [poisoned by a killer bee]
  3462 | D:4      | Killed from afar by an orc priest

Levels and vault maps discovered:
D:1:      dpeg_arrival_ratfight, layout_loops_ring, hangedman_decor_push
D:2:      layout_loops_cross, first_ration, uniq_jessica
D:3:      minmay_door_path, layout_rooms
D:4:      layout_cave_pods, gammafunk_temple_overflow_elements,
          nicolae_tso_carved_into_rock

Skill      XL: |  1  2  3  4  5  6  7 |
---------------+----------------------+-----
Spellcasting   | 3 4 5 |  5.2
Conjurations   | 2 3 |  3.6
Fire Magic     | 4 |  4.7
Dodging        | |  2.0
Stealth        | |  2.6

Action                   |  1- 3 |  4- 6 |  7- 9 || total
-------------------------+-------+-------+-------++-------
Melee: Unarmed           |    10 |       |       ||    10
       Constrict         |     8 |    10 |       ||    18
       Tentacles         |     5 |     5 |       ||    10
       Whip              |    16 |       |       ||    16
       Short sword       |     2 |    40 |     1 ||    43
 Cast: Foxfire           |    31 |    69 |       ||   100
       Sticky Flame      |       |     6 |     2 ||     8
       Conjure Flame     |       |     1 |       ||     1
  Use: Potion            |       |     4 |     2 ||     6
 Stab: Sleeping          |       |     1 |       ||     1
  Eat: Chunk             |       |     8 |     1 ||     9
Armor: Skin              |     6 |     2 |     2 ||    10
Dodge: Dodged            |    19 |    46 |     5 ||    70
Block: Other             |       |     3 |       ||     3

Table legend:
 A = Non-vault XP
 B = Vault XP
 C = Vault XP percentage of total XP
 D = Non-vault monster count
 E = Vault monster count
 F = Vault count percentage of total count
                 A         B        C        D         E       F
            +---------+---------+-------+---------+---------+-------
      Total |     719 |      45 |   5.9 |      77 |       8 |   9.4
            +---------+---------+-------+---------+---------+-------
        D:1 |      24 |       5 |  17.2 |      15 |       5 |  25.0
        D:2 |      77 |      37 |  32.5 |      29 |       1 |   3.3
        D:3 |      50 |       3 |   5.7 |      13 |       2 |  13.3
        D:4 |     568 |       0 |   0.0 |      20 |       0 |   0.0
            +---------+---------+-------+---------+---------+-------
